 Dungeon Crawl Stone Soup version 0.16.2-12-gd0ad4c3 (webtiles) character file.

60 dvd the Stinger (level 4, 0/37 HPs)
             Began as a Naga Venom Mage on Sept 18, 2015.
             Killed from afar by Natasha (7 damage)
             ... with a magic dart
             ... on level 3 of the Dungeon.
             The game lasted 00:10:08 (1606 turns).

dvd the Stinger (Naga Venom Mage)                   Turns: 1606, Time: 00:10:08

Health: 0/37       AC:  4    Str: 12    XL:     4   Next: 6%
Magic:  5/7        EV: 10    Int: 15    God:
Gold:   57         SH:  0    Dex: 11    Spells: 2 memorised, 4 levels left

rFire  . . .     SeeInvis +     n - +0 mace
rCold  . . .     Clarity  .     a - +0 robe
rNeg   . . .     SustAb   .     (no shield)
rPois  +         Gourm    +     (no helmet)
rElec  .         Spirit   .     (no cloak)
rCorr  .         Warding  .     q - +0 pair of gloves
rMut   .         Stasis   .     (no barding)
MR     .....                    r - amulet of the gourmand
Stlth  ++........               (no ring)
                                d - +1 ring of protection

@: very slow, not resistant to hostile enchantments, unstealthy
A: spit poison, see invisible, deformed body, poison resistance, slowness 2, AC
+1
a: Spit Poison


You were on level 3 of the Dungeon.
You were not hungry.

You visited 1 branch of the dungeon, and saw 3 of its levels.

You collected 57 gold pieces.

Inventory:

Hand weapons
 e - a +0 spear
 l - a +0 short sword
 n - a +0 mace (weapon)
Armour
 a - a +0 robe (worn)
 q - a +0 pair of gloves (worn)
Jewellery
 d - a +1 ring of protection (left hand)
 m - an uncursed amulet of guardian spirit
 r - an amulet of the gourmand (around neck)
Scrolls
 g - 2 scrolls of remove curse {unknown}
 j - 5 scrolls of identify {unknown}
 o - 2 scrolls of random uselessness {unknown}
 s - a scroll of recharging {unknown}
Potions
 i - 2 potions of heal wounds {unknown}
 k - a potion of lignification {unknown}
Books
 b - a Young Poisoner's Handbook

   Spells                             Type                      Level
   a - Sting                          Conjuration/Poison           1
   b - Cure Poison                    Poison                       2
   c - Mephitic Cloud                 Conjuration/Poison/Air       3
   d - Olgreb's Toxic Radiance        Poison                       4
   e - Venom Bolt                     Conjuration/Poison           5
 h - a book of Ice

   Spells                             Type                      Level
   a - Ice Form                       Ice/Transmutation            4
   b - Metabolic Englaciation         Hexes/Ice                    5
   c - Ozocubu's Refrigeration        Ice                          6
   d - Bolt of Cold                   Conjuration/Ice              6
   e - Freezing Cloud                 Conjuration/Ice/Air          6
   f - Simulacrum                     Ice/Necromancy               6
Comestibles
 c - a bread ration
 f - a fruit
 p - a slice of pizza


   Skills:
 + Level 0.8 Fighting
 + Level 1.7 Dodging
 + Level 3.4 Stealth
 + Level 2.2 Spellcasting
 + Level 0.6 Conjurations
 + Level 6.5 Poison Magic


You had 4 spell levels left.
You knew the following spells:

 Your Spells              Type           Power        Failure   Level  Hunger
a - Sting                 Conj/Pois      ##..         6%          1    #......
b - Cure Poison           Pois           ###.......   1%          2    ###....


Dungeon Overview and Level Annotations

Branches:
Dungeon (3/15)

Altars:
Ru

Annotations:
D:3 Natasha


Innate Abilities, Weirdness & Mutations

You cannot wear boots.
You can spit poison.
Your serpentine skin is tough (AC +1).
You have supernaturally acute eyesight.
Armour fits poorly on your strangely shaped body.
Your system is resistant to poisons.
You cover ground very slowly.


Message History

You barely miss the shadow imp.
The shadow imp is almost dead.
The shadow imp closely misses you. The shadow imp hits you.
* * * LOW HITPOINT WARNING * * *
You barely miss the shadow imp.
The shadow imp is almost dead.
The shadow imp disappears in a puff of smoke!
Natasha barely misses you.
You barely miss Natasha. Natasha claws you.
* * * LOW HITPOINT WARNING * * *
Press: ? - help, v - describe, . - travel, g - get item
Here: Natasha (grey smoke)
A jackal corpse.
There is something else lying underneath.
The floor.
You sock Natasha!
Natasha is heavily wounded.
Natasha casts a spell.
Natasha casts a spell at you. The magic dart hits you!
You die...

#..........)#####
#...........+
#..........[#
#...........#
#...........#
#......######
#......#
..##########......#
........5rh@....>.#
..#.....g###5.....#
#......# #......#
#....>l# #......#
#......# ########
#............#
#..†h........#
#.....!......#
h.##..........#


You could see Natasha, 2 crimson imps, a quokka and a goblin.

Vanquished Creatures
  An adder (D:2)
  A giant mite (D:2)
  2 giant geckos
  6 bats
  4 giant cockroaches
  3 hobgoblins
  7 jackals
  2 giant newts
  5 goblins
  2 kobolds (D:2)
  8 rats
41 creatures vanquished.

Notes
Turn   | Place    | Note
--------------------------------------------------------------
     0 | D:1      | dvd, the Naga Venom Mage, began the quest for the Orb.
     0 | D:1      | Reached XP level 1. HP: 15/15 MP: 3/3
   321 | D:1      | Reached XP level 2. HP: 17/22 MP: 2/4
   483 | D:1      | Reached skill level 6 in Poison Magic
  1144 | D:2      | Reached XP level 3. HP: 28/28 MP: 4/6
  1269 | D:2      | Learned a level 2 spell: Cure Poison
  1470 | D:2      | Found a sacrificial altar of Ru.
  1571 | D:3      | Noticed Natasha
  1580 | D:3      | Reached XP level 4. HP: 33/37 MP: 4/7
  1606 | D:3      | Killed from afar by Natasha

Action                   |  1- 3 |  4- 6 || total
-------------------------+-------+-------++-------
Melee: Short sword       |    41 |    14 ||    55
       Spear             |     5 |       ||     5
       Mace              |       |     9 ||     9
 Cast: Sting             |    30 |     3 ||    33
 Abil: Spit Poison       |    20 |       ||    20
 Stab: Sleeping          |     1 |       ||     1
  Eat: Chunk             |     8 |       ||     8
